 Dungeon Crawl Stone Soup version 0.28.0 (webtiles) character file.

Game seed: 2377523420901530388

25 HallandMoats the Skirmisher (level 2, -1/24 HPs)
             Began as a Demonspawn Monk on Feb 12, 2022.
             Slain by a kobold (5 damage)
             ... on level 1 of the Dungeon.
             The game lasted 00:00:48 (743 turns).

HallandMoats the Skirmisher (Demonspawn Monk)        Turns: 743, Time: 00:00:49

Health: -1/24      AC:  2    Str: 11    XL:     2   Next: 86%
Magic:  2/2        EV: 10    Int: 11    God:
Gold:   16         SH:  0    Dex: 15    Spells: 1/1 levels left

rFire   . . .      SeeInvis .     - Unarmed
rCold   . . .      Faith    .   (no shield)
rNeg    . . .      Spirit   .   a - +0 robe
rPois   .          Reflect  .   (no helmet)
rElec   .          Harm     .   (no cloak)
rCorr   .          Rampage  .   (no gloves)
Will    .....                   (no boots)
Stlth   ++........              (no amulet)
HPRegen 0.08/turn               (no ring)
MPRegen 0.16/turn               (no ring)

@: constricted
A: magic regeneration
a: no special abilities


You were on level 1 of the Dungeon.
You visited 1 branch of the dungeon, and saw 1 of its levels.

You collected 16 gold pieces.

Inventory:

Armour
 a - a +0 robe (worn)
Scrolls
 b - a scroll of noise {unknown}
 c - a scroll of brand weapon {unknown}


   Skills:
 * Level 3.2 Fighting
 * Level 0.7 Armour
 * Level 3.0 Dodging
 - Level 1.7 Stealth
 * Level 3.0 Unarmed Combat
 + Level 1.1 Invocations


You had one spell level left.
You didn't know any spells.
Your spell library contained the following spells:

 Spells                   Type           Power      Damage    Failure   Level
 Ensorcelled Hibernation  Hex/Ice        0%         N/A       47%         2
 Passwall                 Tmut/Erth      0%         N/A       47%         2
 Swiftness                Air            0%         N/A       71%         3


Dungeon Overview and Level Annotations

Branches:
Dungeon (1/15)

Altars:


Innate Abilities, Weirdness & Mutations

You regenerate magic rapidly.


Message History

You are too injured to fight recklessly!
You are too injured to fight recklessly!
You are too injured to fight recklessly!
The kobold throws a stone.
The stone barely misses you.
The giant cockroach completely misses you.
The ball python barely misses you. The ball python grabs you.
The ball python constricts you.
You escape the ball python's grasp.
Found a dented garnet amulet.
A kobold comes into view. It is wielding a +0 whip.
The kobold shouts!
The kobold throws a stone.
The stone barely misses you. The giant cockroach bites you.
* * * LOW HITPOINT WARNING * * *
The ball python closely misses you. The ball python grabs you.
The ball python constricts you.
You escape the ball python's grasp.
The kobold throws a stone.
The stone closely misses you.
The kobold throws a stone.
The stone barely misses you.
You closely miss the kobold. The ball python closely misses you.
The ball python grabs you. The ball python constricts you.
The ball python barely misses you. The ball python constricts you.
You hit the kobold.
The kobold is moderately wounded.
The kobold hits you with a +0 whip.
* * * LOW HITPOINT WARNING * * *
The ball python bites you but does no damage.
The ball python constricts you.
* * * LOW HITPOINT WARNING * * *
You hit the kobold.
You kill the kobold!
The ball python closely misses you. The ball python constricts you.
* * * LOW HITPOINT WARNING * * *
Your Dodging skill increases to level 3!
Your Unarmed Combat skill increases to level 3!
You hit the kobold.
The kobold is severely wounded.
The ball python bites you.
* * * LOW HITPOINT WARNING * * *
The ball python constricts you. The kobold hits you with a +0 whip.
You die...

#..........#########..###
#...8...8.............#
#.....................#
#######################
............#####
####......##.#...#
#B........#.......
#S##......#.......
#@##......#.......
#K##......#.......
#.........#.......
#######..########......)
###........## #####.#.
............# #...
.##......#..### #...
#...........## #...
#..........K.#### #...


You could see a giant cockroach, a ball python and a kobold.

Vanquished Creatures
  A dart slug (D:1)
  3 goblins (D:1)
  4 hobgoblins (D:1)
  4 kobolds (D:1)
  A quokka (D:1)
  A ball python (D:1)
  3 bats (D:1)
  3 frilled lizards (D:1)
  2 rats (D:1)
22 creatures vanquished.

Notes
Turn   | Place    | Note
-------+----------+-------------------------------------------
     0 | D:1      | HallandMoats the Demonspawn Monk began the quest for the
                  | Orb.
     0 | D:1      | Reached XP level 1. HP: 18/18 MP: 1/1
     1 | D:1      | Noticed an electric eel
   210 | D:1      | Gained mutation: You regenerate magic rapidly. [demonic
                  | ancestry]
   210 | D:1      | Reached XP level 2. HP: 18/24 MP: 2/2
   397 | D:1      | Reached skill level 1 in Invocations
   743 | D:1      | Slain by a kobold

Illustrated notes

Levels and vault maps discovered:
D:1:      arrival_aquarium_a, layout_basic

Skill      XL: |  1  2 |
---------------+-------+-----
Invocations    | 1 |  1.1
Dodging        | 3 |  3.0
Unarmed Combat | 3 |  3.0
Fighting       | |  3.2
Armour         | |  0.7
Stealth        | |  1.7

Action                   || total
-------------------------++-------
Melee: Unarmed           ||    74
       Punch             ||     2
 Stab: Sleeping          ||     1
Armor: Robe              ||    13
Dodge: Dodged            ||    60
